 Dungeon Crawl Stone Soup version 0.27.1-33-g824d729ab1 (webtiles) character file.

Game seed: 9200695755718528722

305 vvl the Ruffian (level 6, -13/50 HPs)
             Began as a Draconian Transmuter on Dec 29, 2021.
             Splashed by Pikel's acid (15 damage)
             ... on level 4 of the Dungeon.
             The game lasted 00:09:17 (3905 turns).

vvl the Ruffian (Draconian Transmuter)              Turns: 3905, Time: 00:09:21

Health: -13/50     AC: 10    Str: 14    XL:     6   Next: 15%
Magic:  10/10      EV: 13    Int: 14    God:
Gold:   14         SH:  0    Dex: 17    Spells: 9/10 levels left

rFire    . . .     SeeInvis .   j - +1 hand axe (venom)
rCold    . . .     Faith    .   (no shield)
rNeg     . . .     Spirit   .   (armour unavailable)
rPois    .         Reflect  .   (helmet currently unavailable)
rElec    .         Harm     .   (no cloak)
rCorr    .         Rampage  .   (no gloves)
Will     .....                  (boots currently unavailable)
Stlth    ++........             (no amulet)
HPRegen  0.16/turn              p - +4 ring of protection
MPRegen  0.12/turn              q - +6 ring of dexterity

@: appendages (expiring)
A: horns 2, talons 2, AC +6, unfitting armour, cold-blooded
a: End Transformation


You were on level 4 of the Dungeon.
You had temporarily grown beastly horns and talons.
You visited 1 branch of the dungeon, and saw 4 of its levels.

You collected 124 gold pieces.
You spent 110 gold pieces at shops.

Inventory:

Hand Weapons
 j - a +1 hand axe of venom (weapon)
Missiles
 k - a throwing net
Jewellery
 p - a +4 ring of protection (left hand)
 q - a +6 ring of dexterity (right hand)
Scrolls
 a - a scroll of torment {unknown}
 d - 2 scrolls of identify {unknown}
 e - a scroll of holy word {unknown}
 i - 2 scrolls of enchant weapon {unknown}
 l - a scroll of amnesia {unknown}
 n - a scroll of enchant armour {unknown}
 t - a scroll of immolation {unknown}
 u - a scroll of summoning {unknown}
 v - a scroll of teleportation {unknown}
 w - a scroll of blinking {unknown}
Potions
 b - a potion of cancellation {unknown}
 c - a potion of lignification {unknown}
 f - 4 potions of heal wounds {unknown}
 g - a potion of resistance {unknown}
 h - a potion of haste {unknown}
 m - 2 potions of mutation {unknown}
 o - 2 potions of curing {unknown}
 r - a potion of attraction {unknown}
 s - a potion of flight {unknown}


   Skills:
 + Level 2.8 Fighting
 + Level 2.7 Dodging
 + Level 3.8 Unarmed Combat
 + Level 2.8 Spellcasting
 - Level 1.0 Necromancy
 + Level 3.0 Transmutations
 + Level 1.4 Ice Magic
 + Level 1.9 Earth Magic


You had 9 spell levels left.
You knew the following spells:

 Your Spells              Type           Power      Damage    Failure   Level
a - Beastly Appendage     Tmut           20%        N/A       6%          1

Your spell library contained the following spells:

 Spells                   Type           Power      Damage    Failure   Level
 Wereblood                Tmut           10%        N/A       10%         2
 Ensorcelled Hibernation  Hex/Ice        8%         N/A       24%         2
 Spider Form              Tmut/Pois      3%         N/A       34%         3
 Gell's Gravitas          Tloc           0%         N/A       54%         3
 Ice Form                 Ice/Tmut       8%         N/A       65%         4
 Freezing Cloud           Conj/Ice/Air   1%         6-21      99%         5
 Metabolic Englaciation   Hex/Ice        2%         N/A       99%         5
 Summon Forest            Summ/Tloc      0%         N/A       99%         5
 Summon Mana Viper        Hex/Summ       1%         N/A       99%         5
 Shadow Creatures         Summ           N/A        N/A       100%        6
 Simulacrum               Ice/Necr       2%         N/A       100%        6
 Ozocubu's Refrigeration  Ice            3%         4d5       100%        7
 Polar Vortex             Ice            3%         N/A       100%        9


Dungeon Overview and Level Annotations

Branches:
Dungeon (4/15)
 Temple: D:4-7

Altars:
Makhleb
Beogh

Shops:
D:2 *   D:4 *

Annotations:
D:4 Pikel


Innate Abilities, Weirdness & Mutations

You have temporarily grown beastly horns and talons.
Your plain brown scales are hard. (AC +6)
You cannot fit into any form of body armour.
You are cold-blooded and may be slowed by cold attacks.


Message History

A ball python is nearby!
A ball python is nearby!
A ball python is nearby!
A ball python is nearby!
A ball python is nearby!
You grow a pair of large bovine horns.
Your feet morph into talons.
The ball python hisses angrily.
The ball python bites you. The ball python grabs you.
The ball python constricts you.
You hit the ball python.
You kill the ball python!
Pikel the Slaver comes into view.
He is wielding a +0 whip of flaming and carrying a wand of acid (9).
Pikel shouts!
You hear a shout! x4; You hear an angry hiss.
You hit Pikel.
Pikel is lightly wounded.
You hear a shout!
Pikel zaps a wand.
The bolt of acid misses you.
You hit Pikel.
Pikel is poisoned.
Pikel is lightly wounded.
Pikel hits you but does no damage.
Pikel hits you with a +0 whip of flaming.
Pikel burns you.
You barely miss Pikel. Your kick misses Pikel. You headbutt Pikel.
You tail-slap Pikel.
Pikel is heavily wounded.
Pikel zaps a wand.
The bolt of acid misses you.
You hit Pikel but do no damage.
Pikel is heavily wounded.
Your transformation is almost over.
A lemure comes into view.
Pikel hits you with a +0 whip of flaming.
Pikel burns you.
A lemure comes into view.
You closely miss Pikel. You headbutt Pikel.
Pikel is heavily wounded.
Pikel zaps a wand.
The bolt of acid hits you!
You are splashed with acid!
Pikel zaps a wand.
The bolt of acid hits you!
* * * LOW HITPOINT WARNING * * *
You are splashed with acid!
You die...

#.#.#.#.#.#.#.......
..............#######
#.#.#.#.#.#.#.#.#
.................#
..#.#.#.#.#.#.#..# .
...............#
...#.#.#.#.#.#.###
#....†......##
##.5K@####### #.5###
#. .. .. .. .


You could see Pikel (very poisoned) and 2 lemures.

Vanquished Creatures
  A phantom (D:3)
  A hound (D:4)
  2 orc priests
  An orc wizard (D:3)
  An iguana (D:4)
  An adder (D:2)
  A white imp (D:3)
  5 dart slugs
  5 orcs
  5 bats
  7 endoplasms
  2 giant cockroaches (D:4)
  A goblin (D:1)
  5 hobgoblins
  3 jackals (D:3)
  3 quokkas
  10 ball pythons
  7 frilled lizards
  6 kobolds
  2 rats (D:1)
69 creatures vanquished.

Notes
Turn   | Place    | Note
-------+----------+-------------------------------------------
     0 | D:1      | vvl the Draconian Transmuter began the quest for the Orb.
     0 | D:1      | Reached XP level 1. HP: 16/16 MP: 3/3
   337 | D:1      | Reached XP level 2. HP: 23/23 MP: 3/5
   710 | D:1      | Found a faded altar of an unknown god.
  1133 | D:2      | Reached XP level 3. HP: 28/28 MP: 4/6
  1430 | D:2      | Found Neamnimm's General Store.
  1756 | D:2      | Reached skill level 1 in Necromancy
  2396 | D:3      | Reached skill level 1 in Earth Magic
  2486 | D:3      | Reached XP level 4. HP: 36/36 MP: 5/7
  2585 | D:3      | Got the Compendium of the Icy Compass
  2781 | D:3      | Noticed a phantom
  2800 | D:3      | Killed a phantom
  2801 | D:3      | Reached XP level 5. HP: 6/42 MP: 8/8
  3314 | D:3      | Reached skill level 1 in Ice Magic
  3733 | D:4      | Found Hamucuas's Assorted Antiques.
  3755 | D:4      | Bought a fizzy ruby potion for 17 gold pieces
  3755 | D:4      | Bought a scroll labelled HELAOH VUIWYI for 19 gold pieces
  3755 | D:4      | Bought a puce potion for 17 gold pieces
  3755 | D:4      | Bought a scroll labelled ENADDEN YGGADU for 19 gold pieces
  3755 | D:4      | Bought a scroll labelled AZYOSELUXT for 19 gold pieces
  3755 | D:4      | Bought a scroll labelled YCLAIH SADINEU for 19 gold pieces
  3802 | D:4      | Found a burning altar of Makhleb.
  3808 | D:4      | Reached XP level 6. HP: 50/50 MP: 8/10
  3899 | D:4      | Noticed Pikel
  3905 | D:4      | HP: 2/50 [Pikel/bolt of acid (15)]
  3905 | D:4      | Splashed by Pikel's acid

Illustrated notes

Levels and vault maps discovered:
D:1:      minmay_arrival_arboretum_small, layout_loops_ring,
          ebering_ecumenical_altar_rust, minmay_close_crescents
D:2:      layout_loops_ring, serial_shops, shop
D:3:      layout_basic, kennysheep_orc_chapel
D:4:      layout_loops_ring, makhleb_heckhound_becter, serial_shops,
          nicolae_shop_temple_entry_statues_fountains, hex_large, uniq_pikel

Skill      XL: |  1  2  3  4  5 |
---------------+----------------+-----
Dodging        | 2 |  2.7
Necromancy     | 1 |  1.0
Fighting       | 2 |  2.8
Earth Magic    | 1 |  1.9
Ice Magic      | 1 |  1.4
Transmutations | 3 |  3.0
Unarmed Combat | |  3.8
Spellcasting   | |  2.8

Action                   |  1- 3 |  4- 6 || total
-------------------------+-------+-------++-------
Melee: Unarmed           |    97 |       ||    97
       Kick              |    19 |    10 ||    29
       Headbutt          |     8 |    11 ||    19
       Tailslap          |     5 |    11 ||    16
       Hand axe          |    23 |    63 ||    86
 Cast: Beastly Appendage |    28 |    13 ||    41
 Stab: Sleeping          |       |     2 ||     2
Armor: Skin              |    39 |    14 ||    53
Dodge: Dodged            |    86 |    37 ||   123
